 Dungeon Crawl Stone Soup version 0.26.1-2-gb8aa6d0cf2 (webtiles) character file.

Game seed: 17992897233611220081

2291 Almogavar the Spear-Bearer (level 9, -2/68 HPs)
             Began as a Merfolk Gladiator on Mar 30, 2021.
             Was a Believer of Nemelex Xobeh.
             Slain by a centaur
             ... wielding a +3 great sword of freezing
              (4 damage)
             ... on level 7 of the Dungeon.
             The game lasted 00:20:12 (7807 turns).

Almogavar the Spear-Bearer (Merfolk Gladiator)      Turns: 7807, Time: 00:20:13

Health: -2/68      AC:  9    Str: 16    XL:     9   Next: 40%
Magic:  9/9        EV: 16    Int:  7    God:    Nemelex Xobeh [**....]
Gold:   333        SH:  0    Dex: 21    Spells: 8/8 levels left

rFire    + . .     SeeInvis .   y - +2 trident of Stained Valiance {flame, Will+ Dex+4} (curse)
rCold    x . .     Faith    .   (no shield)
rNeg     . . .     Spirit   .   f - +1 ring mail {Will+}
rPois    .         Reflect  .   k - +0 helmet
rElec    .         Harm     .   (no cloak)
rCorr    .         Rampage  .   (no gloves)
Will     ++...                  h - +0 pair of boots
Stlth    ++........             (no amulet)
HPRegen  0.21/turn              A - ring of fire (curse)
MPRegen  0.11/turn              (no ring)

@: no status effects
A: change form in water, swift swim, stealthy swim
a: Renounce Religion, Draw Escape, Draw Destruction, Draw Summoning


You were on level 7 of the Dungeon.
You worshipped Nemelex Xobeh.
Nemelex Xobeh was pleased with you.
You visited 2 branches of the dungeon, and saw 8 of its levels.

You collected 333 gold pieces.

Inventory:

Hand Weapons
 y - the cursed +2 trident of Stained Valiance (weapon) {flame, Will+ Dex+4}
   (You found it on level 5 of the Dungeon)

   It has been specially enchanted to burn those struck by it, causing extra
   injury to most foes and up to half again as much damage against particularly
   susceptible opponents.
   It affects your dexterity (+4).
   It affects your willpower, your defense against some magical effects.
   It has a curse placed upon it.
Missiles
 d - 3 throwing nets
 s - 12 boomerangs (quivered)
Armour
 f - a +1 ring mail of willpower (worn)
 h - a +0 pair of boots (worn)
 i - a +3 leather armour of positive energy
 k - a +0 helmet (worn)
 m - a +1 leather armour of poison resistance
 o - a +0 chain mail
Jewellery
 A - a cursed ring of fire (left hand)
Wands
 r - a wand of iceblast (18)
 t - a wand of random effects (10)
 x - a wand of polymorph (5)
Scrolls
 a - a scroll of enchant weapon
 g - 5 scrolls of teleportation
 q - a scroll of enchant armour
 u - 3 scrolls of remove curse
 v - a scroll of fear
 z - a scroll of fog
Potions
 b - a potion of flight
 c - a potion of degeneration {unknown}
 e - 3 potions of haste
 j - a potion of invisibility
 l - 3 potions of lignification
 n - a potion of mutation
 p - 6 potions of curing {unknown}
 w - a potion of heal wounds {unknown}
 B - a potion of attraction {unknown}


   Skills:
 + Level 5.0 Fighting
 + Level 11.0 Polearms
 + Level 5.0 Throwing
 + Level 3.9 Armour
 + Level 6.8 Dodging
 + Level 3.7 Stealth


You had 8 spell levels left.
You didn't know any spells.
Your spell library was empty.

Dungeon Overview and Level Annotations

Branches:
Dungeon (7/15)             Temple (1/1) D:4

Altars:
Ashenzari
Cheibriados
Elyvilon
Fedhas
Gozag
Makhleb
Nemelex Xobeh
Qazlal
Ru
Sif Muna
Trog
Uskayaw
Vehumet
Wu Jian
Xom
Yredelemnul
Zin
The Shining One

Shops:
D:4 **


Message History

Your Throwing skill increases to level 5!
You are too injured to fight recklessly!
You are too injured to fight recklessly!
You are too injured to fight recklessly!
You are too injured to fight recklessly!
The centaur unwields a +0 shortbow.
The centaur wields a +3 great sword of freezing.
It glows with a cold blue light!
The centaur hits you with a +3 great sword of freezing!
* * * LOW HITPOINT WARNING * * *
The centaur freezes you.
* * * LOW HITPOINT WARNING * * *
Things that are here:
a large rock; a black bear corpse You closely miss the centaur.
The centaur hits you with a +3 great sword of freezing!
* * * LOW HITPOINT WARNING * * *
The centaur freezes you.
You die...
Your body disappears without a glow.

....##
#.....#.#
...##
###+###.#####
...#
+.[)..'.....#
..##
###'###.###..#
..# #.....#.#
.# ..#
#.#+###'#(#
..#
#....)(...#
#####(#####
#@# #c# .#. ..
#. ... .. ##.#
## #. .#


You could see a centaur.

Vanquished Creatures
  A cyclops (D:7)
  A troll (D:7)
  Sigmund (D:4)
  Menkaure (D:6)
  A sky beast (D:5)
  An ice beast (D:7)
  A black bear (D:7)
  2 ogres
  2 centaurs
  A big kobold (D:7)
  2 scorpions
  A wight (D:7)
  2 hounds
  A centaur skeleton (D:5)
  A jelly (D:5)
  An orc priest (D:5)
  3 orc wizards (D:5)
  6 worker ants
  A killer bee zombie (D:6)
  2 hound skeletons (D:4)
  A worker ant zombie (D:5)
  7 adders
  2 white imps
  An ufetubus (D:5)
  2 oozes
  3 adder skeletons
  2 worms (D:5)
  2 dart slugs
  3 leopard geckos
  20 orcs
  A ball python (D:5)
  4 giant cockroaches
  10 goblins
  9 hobgoblins
  4 jackals (D:1)
  9 kobolds
  3 quokkas
  3 bats
  6 frilled lizards
  A leopard gecko skeleton (D:4)
  6 rats
131 creatures vanquished.

Notes
Turn   | Place    | Note
-------+----------+-------------------------------------------
     0 | D:1      | Almogavar the Merfolk Gladiator began the quest for the
                  | Orb.
     0 | D:1      | Reached XP level 1. HP: 16/16 MP: 1/1
   430 | D:1      | Reached XP level 2. HP: 22/22 MP: 2/2
   496 | D:1      | Reached skill level 5 in Polearms
   978 | D:1      | Reached XP level 3. HP: 28/28 MP: 3/3
  1940 | D:3      | Reached XP level 4. HP: 30/34 MP: 4/4
  2137 | D:3      | Reached skill level 6 in Polearms
  2413 | D:3      | Reached skill level 1 in Stealth
  2621 | D:3      | Reached skill level 1 in Armour
  2624 | D:3      | Reached XP level 5. HP: 34/39 MP: 5/5
  2796 | D:4      | Found Oneuz's Assorted Antiques.
  2878 | D:4      | Found a staircase to the Ecumenical Temple.
  2892 | Temple   | Entered the Ecumenical Temple
  3284 | Temple   | Became a worshipper of Nemelex Xobeh the Trickster
  3348 | D:4      | Found Pipor's General Store.
  3348 | D:4      | Noticed Sigmund
  3356 | D:4      | Reached skill level 5 in Dodging
  3572 | D:4      | Killed Sigmund
  3573 | D:4      | Reached skill level 7 in Polearms
  3573 | D:4      | Reached XP level 6. HP: 27/47 MP: 6/6
  4156 | D:4      | Reached skill level 8 in Polearms
  4357 | D:4      | HP: 2/47 [ogre/+0 giant spiked club (7)]
  4377 | D:4      | Reached XP level 7. HP: 5/53 MP: 7/7
  4671 | D:4      | Found a radiant altar of Vehumet.
  4808 | D:4      | Found a stormy altar of Qazlal.
  4986 | D:5      | Entered Level 5 of the Dungeon
  5010 | D:5      | Reached * piety under Nemelex Xobeh
  5035 | D:5      | Found a basalt altar of Yredelemnul.
  5597 | D:5      | Reached skill level 9 in Polearms
  5817 | D:5      | Got an ichor-stained trident
  5818 | D:5      | Identified the cursed +2 trident of Stained Valiance
                  | {flame, Will+ Dex+4} (You found it on level 5 of the
                  | Dungeon)
  5884 | D:5      | Received a gift from Nemelex Xobeh
  5892 | D:5      | Reached XP level 8. HP: 52/60 MP: 8/8
  6388 | D:6      | Received a gift from Nemelex Xobeh
  6418 | D:6      | Reached ** piety under Nemelex Xobeh
  6419 | D:6      | Found a glowing golden altar of the Shining One.
  6419 | D:6      | Found a glowing silver altar of Zin.
  6428 | D:6      | Found a shimmering altar of Xom.
  6430 | D:6      | Found a shimmering altar of Xom.
  6432 | D:6      | Found a shimmering altar of Xom.
  6634 | D:6      | Reached skill level 10 in Polearms
  6668 | D:6      | Noticed Menkaure
  6674 | D:6      | Killed Menkaure
  7079 | D:6      | Found a shimmering altar of Xom.
  7079 | D:6      | Found a shimmering altar of Xom.
  7314 | D:6      | Found a shimmering altar of Xom.
  7315 | D:6      | Found a shimmering altar of Xom.
  7679 | D:7      | Noticed a cyclops
  7751 | D:7      | Noticed a troll
  7765 | D:7      | Killed a cyclops
  7766 | D:7      | Reached XP level 9. HP: 45/67 MP: 9/9
  7790 | D:7      | Identified the ring of Foacutt {rElec Int+6}
  7799 | D:7      | Killed a troll
  7800 | D:7      | Reached skill level 5 in Fighting
  7806 | D:7      | Reached skill level 11 in Polearms
  7806 | D:7      | Reached skill level 5 in Throwing
  7807 | D:7      | HP: 2/68 [centaur/+3 great sword of freezing (11)]
  7807 | D:7      | Slain by a centaur

Illustrated notes

Levels and vault maps discovered:
D:1:      kennysheep_arrival_forest, layout_basic
D:2:      layout_basic, minmay_misc_feat_chi
D:3:      layout_rooms, kennysheep_pointless_box
D:4:      layout_loops_corners, old_standard_altar, kennysheep_mini,
          minmay_temple_entry_trees, serial_shops,
          nicolae_shop_overgrown_old_shop, serial_glass, glass_columns_b,
          glass_columns_c, kennysheep_small_circle, uniq_sigmund
D:5:      layout_gridville, nicolae_overflow_crystal_walls, chequers_big_river,
          serial_park_tiny_pond
D:6:      layout_loops_corners, chequers_temple_overflow_statue_of_worship,
          nicolae_xom_altar_mimics, uniq_menkaure
D:7:      minmay_the_grid_plus_closed [minmay_the_grid_doors,
          minmay_the_grid_box_x, minmay_the_grid_plusring,
          minmay_the_grid_all_tris, minmay_the_grid_prize_trominoes],
          layout_loops_ring, lemuel_round_altar, old_standard_altar,
          enter_bailey_3, uniq_pikel
Temple:   oiseaux_autumnal_temple

Skill      XL: |  1  2  3  4  5  6  7  8  9 |
---------------+----------------------------+-----
Polearms       | 5 6 7 8 9 10 11 | 11.0
Stealth        | 1 2 3 |  3.7
Armour         | 1 2 3 |  3.9
Dodging        | 5 6 |  6.8
Fighting       | 3 4 5 |  5.0
Throwing       | 4 5 |  5.0

Action                   |  1- 3 |  4- 6 |  7- 9 || total
-------------------------+-------+-------+-------++-------
Melee: Trident           |   109 |   224 |   198 ||   531
Throw: Boomerang         |       |     2 |    54 ||    56
       Throwing net      |       |     1 |       ||     1
Invok: Draw Destruction  |       |       |     3 ||     3
       Draw Summoning    |       |       |     1 ||     1
  Use: Scroll            |     2 |     7 |     5 ||    14
       Potion            |       |     1 |       ||     1
 Stab: Sleeping          |     1 |     2 |     5 ||     8
Armor: Leather armour    |    27 |    52 |    16 ||    95
       Ring mail         |       |       |    17 ||    17
Dodge: Dodged            |    63 |   119 |   107 ||   289
